 Dungeon Crawl Stone Soup version 0.30.1-11-g7821555f0a (webtiles) character file.

Game seed: 4698296425088189897

133 lonewolfV2 the Covered (level 4, -8/41 HPs)
             Began as a Minotaur Fighter on Nov 8, 2023.
             Mangled by Crazy Yiuf
             ... wielding a +2 quarterstaff of chaos
              (18 damage)
             ... on level 2 of the Dungeon.
             The game lasted 00:03:13 (2015 turns).

lonewolfV2 the Covered (Minotaur Fighter)           Turns: 2015, Time: 00:03:14

Health: -8/41      AC:  7    Str: 21    XL:     4   Next: 93%
Magic:  3/3        EV: 10    Int:  5    God:
Gold:   141        SH:  5    Dex: 11    Spells: 3/3 levels left

rFire   . . .        a - +0 war axe
rCold   . . .        c - +1 buckler
rNeg    . . .        b - +0 scale mail
rPois   .            (helmet restricted)
rElec   .            i - scarf {repulsion}
rCorr   .            (no gloves)
SInv    .            (no boots)
Will    .....        (no amulet) Stlth
                     (no ring)
HPRegen 0.26/turn    (no ring)
MPRegen 0.08/turn

%: repel missiles
@: no status effects
A: horns 2, retaliatory headbutt
a: no special abilities


You were on level 2 of the Dungeon.
You visited 1 branch of the dungeon, and saw 2 of its levels.

You collected 141 gold pieces.

Inventory:

Hand Weapons
 a - a +0 war axe (weapon)
Armour
 b - a +0 scale mail (worn)
 c - a +1 buckler (worn)
 i - a scarf of repulsion (worn)
Jewellery
 n - a +5 ring of evasion
Scrolls
 g - a scroll of fog {unknown}
 h - a scroll of identify {unknown}
 j - a scroll of enchant weapon {unknown}
 l - a scroll of teleportation {unknown}
 m - a scroll of silence {unknown}
Potions
 d - 4 potions of might
 e - 2 potions of curing {unknown}
 f - a potion of ambrosia {unknown}
 k - a potion of mutation {unknown}


   Skills:
 + Level 4.6 Fighting
 - Level 2.4 Axes
 + Level 4.6 Armour
 * Level 3.4 Dodging
 - Level 3.6 Shields


You had 3 spell levels left.
You didn't know any spells.
Your spell library contained the following spells:

 Spells                   Type           Power      Damage    Failure   Level
 Kiss of Death            Conj/Necr      0%         2d5       86%         1
 Confusing Touch          Hex            0%         N/A       99%         3
 Dispel Undead            Necr           0%         3d6       100%        4


Dungeon Overview and Level Annotations

Branches:
Dungeon (2/15)

Altars:

Annotations:
D:2 Crazy Yiuf


Innate Abilities, Weirdness & Mutations

You have a pair of horns on your head.
You reflexively headbutt those who attack you in melee.


Message History

You slash the fungus!
The fungus begins to die.
The fungus is lightly damaged.
You slash the fungus!
The fungus begins to die.
You slash the fungus! You headbutt the fungus!
The fungus is lightly damaged.
You hit the fungus. You hit the fungus.
The fungus is lightly damaged.
You slash the fungus! You hit the fungus.
The fungus is moderately damaged.
You slash the fungus!
A nearby fungus withers and dies. x2
You hit the fungus.
The fungus begins to die.
The fungus is lightly damaged.
You hit the fungus.
The fungus begins to die.
You slash the fungus!
The fungus is lightly damaged.
You slash the fungus! You hit the fungus. You headbutt the fungus!
The fungus is lightly damaged.
You hit the fungus.
A nearby fungus withers and dies. x2
Found a hammer.
Found a runed translucent door.
Crazy Yiuf shouts!
As you open the door, it creaks loudly!
You slash Crazy Yiuf!
Crazy Yiuf is heavily wounded.
Crazy Yiuf hits you with a +2 quarterstaff of chaos.
You hit Crazy Yiuf but do no damage.
Crazy Yiuf is heavily wounded.
Crazy Yiuf hits you with a +2 quarterstaff of chaos. x2
You blink.
Crazy Yiuf hits you with a +2 quarterstaff of chaos!
Crazy Yiuf freezes you. You block Crazy Yiuf's attack.
You hit Crazy Yiuf.
Crazy Yiuf is almost dead.
Crazy Yiuf hits you with a +2 quarterstaff of chaos!
* * * LOW HITPOINT WARNING * * *
You are electrocuted!!
You die...

#..##### #.# ##.#
#.# #.##### #.##
#.#...# #..#
#.#.### #.##
#.#.# #.## #)#.#
##### ♣♣##..#
#)#.# #).g#♣♣
♣♣..#..#
######)#.#
#..@'.♣♣♣♣......#
#......#.#
#...#♣..♣..♣...##
.......#.###
#####♣♣♣.♣.P.###
#.........>#
♣♣♣♣♣##
#..........#
#......#.#.#
#.##.###.#.#
#.##.# #.#.#
#.>..# #.#.#


You could see Crazy Yiuf.

Vanquished Creatures
  Jessica (D:2)
  Robin (D:2)
  3 adders (D:2)
  A worm (D:2)
  A dart slug (D:1)
  6 ball pythons
  4 bats
  3 endoplasms
  2 giant cockroaches (D:1)
  9 hobgoblins
  5 quokkas
  5 frilled lizards
  9 goblins
  7 kobolds
  2 rats (D:1)
59 creatures vanquished.

Notes
Turn   | Place    | Note
-------+----------+-------------------------------------------
     0 | D:1      | lonewolfV2 the Minotaur Fighter began the quest for the
                  | Orb.
     0 | D:1      | Reached XP level 1. HP: 19/19 MP: 0/0
   114 | D:1      | Reached skill level 1 in Dodging
   147 | D:1      | Reached XP level 2. HP: 26/27 MP: 1/1
   750 | D:1      | Reached XP level 3. HP: 29/33 MP: 2/2
  1161 | D:2      | Noticed Robin
  1167 | D:2      | Killed Robin
  1168 | D:2      | Reached XP level 4. HP: 40/40 MP: 3/3
  1308 | D:2      | Noticed Jessica
  1318 | D:2      | Killed Jessica
  2005 | D:2      | Found a runed translucent door.
  2006 | D:2      | Noticed Crazy Yiuf
  2015 | D:2      | Mangled by Crazy Yiuf

Illustrated notes

Levels and vault maps discovered:
D:1:      erik_arrival_blinker_ship, layout_rooms, serial_co_window_serial,
          co_window_corner_a, co_window_corner_a, co_window_corner_a,
          co_window_of_opportunity_a, co_window_paths_b,
          co_window_of_opportunity_b, co_window_paths_c,
          co_window_unsneaky_path_d, co_window_of_opportunity_b,
          co_window_paths_e, glass_columns_c, glass_columns_c, glass_columns_b,
          glass_columns_c, due_unseen_surprise
D:2:      layout_basic, kennysheep_jessica_study, uniq_robin, uniq_jessica,
          uniq_crazy_yiuf_cottage

Skill      XL: |  1  2  3  4 |
---------------+-------------+-----
Dodging        | 1 2 3 |  3.4
Fighting       | 4 |  4.6
Armour         | 4 |  4.6
Axes           | |  2.4
Shields        | |  3.6

Action                     |  1- 3 |  4- 6 || total
---------------------------+-------+-------++-------
  Melee: War axe           |    70 |    50 ||   120
         Headbutt          |     8 |     8 ||    16
    Use: Scroll            |     3 |       ||     3
 Armour: Scale mail        |    31 |    11 ||    42
  Dodge: Dodged            |    48 |    16 ||    64
  Block: Buckler           |    20 |    15 ||    35
